 Dungeon Crawl Stone Soup version 0.18-a0-1347-gb9e2fb4 (console) character file.

1105 utis the Bolt Thrower (level 8, -8/72 HPs)
             Began as a Deep Dwarf Hunter on Feb 17, 2016.
             Was a Follower of Elyvilon.
             Mangled by a hill giant
             ... wielding a +0 giant club
              (23 damage)
             ... on level 5 of the Dungeon.
             The game lasted 00:18:04 (5152 turns).

utis the Bolt Thrower (Deep Dwarf Hunter)           Turns: 5152, Time: 00:18:04

Health: -8/72      AC: 12    Str: 19    XL:     8   Next: 11%
Magic:  11/11      EV: 11    Int: 14    God:    Elyvilon [*.....]
Gold:   265        SH:  4    Dex: 15    Spells: 0 memorised, 7 levels left

rFire  . . .     SeeInvis +     b - +1 hand crossbow
rCold  . . .     Gourm    .     j - +4 scale mail
rNeg   + . .     Faith    .     (no shield)
rPois  .         Spirit   .     D - +0 helmet
rElec  .         Dismiss  .     (no cloak)
rCorr  .         Reflect  +     n - +0 pair of gloves
SustAt .         Harm     .     (no boots)
MR     +++..                    B - amulet "Aroa" {Reflect *Drain MR++ Str+2 Int+3 SH+4}
Stlth  ..........               v - ring of see invisible
                                N - ring of positive energy

@: non-regenerating, extremely resistant to hostile enchantments, extremely
unstealthy
A: damage resistance, recharge devices, sense surroundings 1, slow regeneration
3
a: Device Recharging, Lesser Healing, Divine Protection, Renounce Religion


You were on level 5 of the Dungeon.
You worshipped Elyvilon.
Elyvilon was aware of your devotion.
You were not hungry.

You visited 1 branch of the dungeon, and saw 5 of its levels.

You collected 265 gold pieces.

Inventory:

Hand Weapons
 a - a +5 flail of holy wrath
 b - a +1 hand crossbow (weapon)
 w - a +0 short sword
 y - a +0 arbalest of flaming
 A - a +0 rapier
Missiles
 d - 30 bolts (quivered)
 i - a throwing net {=f}
 p - 134 stones
 C - 21 sling bullets
 F - 3 tomahawks
Armour
 c - a +0 leather armour
 j - a +4 scale mail (worn)
 n - a +0 pair of gloves (worn)
 s - a +0 chain mail
 D - a +0 helmet (worn)
 H - a +0 scale mail of poison resistance
Jewellery
 v - a ring of see invisible (right hand)
 B - the amulet "Aroa" (around neck) {Reflect *Drain MR++ Str+2 Int+3 SH+4}
   (You found it on level 4 of the Dungeon)

   [amulet of reflection]

   It shields you and reflects attacks.
   It affects your strength (+2).
   It affects your intelligence (+3).
   It affects your resistance to hostile enchantments.
   It causes draining when unequipped.
   It affects your SH (+4).
 N - a ring of positive energy (left hand)
Wands
 e - a wand of heal wounds (0/9) {@v2}
 L - a wand of iceblast (6/15)
Scrolls
 g - 4 scrolls of remove curse {@r2}
 k - a scroll of random uselessness {unknown}
 q - a scroll of fog {unknown}
 r - a scroll of noise
 t - 2 scrolls of identify {@r1}
 J - a scroll of torment {unknown}
Potions
 h - 5 potions of curing {@q1}
 l - a potion of brilliance
 o - a potion of flight
 G - a potion of cure mutation {unknown}
Books
 E - a book of Frost

   Spells                             Type                      Level
   a - Freeze                         Ice                          1
   b - Throw Frost                    Conjuration/Ice              2
   c - Ozocubu's Armour               Charms/Ice                   3
   d - Throw Icicle                   Conjuration/Ice              4
   e - Summon Ice Beast               Ice/Summoning                4
Comestibles
 f - 5 bread rations {@e1}
 m - 3 fruits {@e2}
 u - a meat ration {@e1}
 I - a royal jelly {@e3}
 K - a beef jerky {@e2}


   Skills:
 + Level 4.1 Fighting
 * Level 7.8 Crossbows
 + Level 2.4 Armour
 + Level 3.1 Dodging
 - Level 1.2 Stealth
 - Level 6.7 Invocations


You had 7 spell levels left.
You didn't know any spells.

Dungeon Overview and Level Annotations

Branches:
Dungeon (5/15)
 Temple: D:4-7

Altars:
Elyvilon
Fedhas
Kikubaaqudgha
Ru
Sif Muna
Yredelemnul
Zin
The Shining One


Innate Abilities, Weirdness & Mutations

You are resistant to damage.
You can recharge devices by infusing magical energy.
You passively map a small area around you.
You do not regenerate naturally.


Message History

Press: ? - help, Shift-Dir - straight line, f/p - hill giant
Aim: a hill giant, wielding a giant club (heavily wounded)
You shoot a bolt. The bolt hits the hill giant.
The hill giant is heavily wounded.
The hill giant hits you with a giant club!!
* * * LOW HITPOINT WARNING * * *
Firing (i - inventory. (,) - cycle):
d - 32 bolts (quivered)
Press: ? - help, Shift-Dir - straight line, f/p - hill giant
Aim: a hill giant, wielding a giant club (heavily wounded)
You shoot a bolt.
The bolt completely misses the hill giant.
The hill giant hits you but does no damage.
Unknown command.
Firing (i - inventory. (,) - cycle):
d - 31 bolts (quivered)
Press: ? - help, Shift-Dir - straight line, f/p - hill giant
Aim: a hill giant, wielding a giant club (heavily wounded)
You shoot a bolt. The bolt hits the hill giant!
The hill giant is severely wounded.
The hill giant hits you with a giant club!!
You die...

░.. ░.░ ░.....░░░░░.░░░░░
░... ░.░ ░.░░░..........░
░... ░.░ ░.░ ░.░░░░░.░░.░
░░➘... ░.░ ░.░ ░.░......░.░
......░░░.░ ░.░
░.░.░░░..░.░░░ .....➘..░.░
░.░ ░.░.░░░░░░....
......➘.░.░░░ ░.░
░.░......░..░.
..➘?........░ ░.░
░.░░░░░.░░..░.
*░░░░░░..░.░░░░░g░
░.░.........░. *
░░.░......C░░░+░░░..░.)..░░
░.░.░░...➘.....░░.........
*
░...░░.........░░..)...<░.
,
░...░░...➘.....░░..░░.░░░.
*
░...░░...➘.....░░.........
*
░..>.+...➘.....░░...░.....
..░.░░.........░░...░░░░░░
* ░░░..
+.........░░.........


You could see a hill giant.

Vanquished Creatures
  Edmund (D:5)
  A water moccasin (D:3)
  An ogre (D:4)
  A phantom (D:4)
  A centaur (D:5)
  A scorpion (D:4)
  3 hounds
  2 orc priests (D:3)
  A giant frog skeleton (D:4)
  Jessica (D:2)
  2 iguanas
  2 orc wizards (D:3)
  3 worker ants
  A hound skeleton (D:4)
  Robin (D:4)
  3 adders (D:2)
  4 gnolls (D:2)
  An adder skeleton (D:4)
  5 worms
  2 giant geckos
  5 orcs
  3 ball pythons
  6 giant cockroaches
  12 goblins
  16 hobgoblins
  11 jackals
  8 kobolds
  A quokka (D:3)
  10 bats
  A giant gecko skeleton (D:4)
  4 giant newts
  A quokka skeleton (D:5)
  5 rats
120 creatures vanquished.

Notes
Turn   | Place    | Note
--------------------------------------------------------------
     0 | D:1      | utis the Deep Dwarf Hunter began the quest for the Orb.
     0 | D:1      | Reached XP level 1. HP: 19/19 MP: 1/1
   160 | D:1      | Reached XP level 2. HP: 24/26 MP: 2/2
   739 | D:1      | Reached XP level 3. HP: 20/33 MP: 3/3
  1078 | D:2      | Reached skill level 5 in Crossbows
  1080 | D:2      | Noticed Jessica
  1085 | D:2      | Killed Jessica
  1120 | D:2      | Reached XP level 4. HP: 37/42 MP: 4/4
  1649 | D:2      | Reached skill level 6 in Crossbows
  1805 | D:2      | Reached XP level 5. HP: 45/49 MP: 5/5
  2176 | D:2      | Found a deep blue altar of Sif Muna.
  2756 | D:3      | Noticed a water moccasin
  2768 | D:3      | Killed a water moccasin
  2768 | D:3      | Reached XP level 6. HP: 35/57 MP: 6/6
  3214 | D:3      | Reached skill level 7 in Crossbows
  3264 | D:3      | Found a glowing silver altar of Zin.
  3264 | D:3      | Found a white marble altar of Elyvilon.
  3265 | D:3      | Found a glowing golden altar of the Shining One.
  3589 | D:3      | Reached skill level 1 in Armour
  3642 | D:3      | Became a worshipper of Elyvilon the Healer
  3883 | D:4      | Reached skill level 1 in Invocations
  3887 | D:4      | Got a translucent iron amulet
  3888 | D:4      | Identified the amulet "Aroa" {Reflect *Drain MR++ Str+2 Int+3 SH+4} (You found it on level 4 of the Dungeon)
  3900 | D:4      | Found a blossoming altar of Fedhas.
  3987 | D:3      | Reached XP level 7. HP: 58/63 MP: 8/8
  4234 | D:4      | Reached skill level 5 in Invocations
  4258 | D:4      | Noticed Robin
  4275 | D:4      | Killed Robin
  4494 | D:4      | Found a sacrificial altar of Ru.
  4497 | D:4      | Found a basalt altar of Yredelemnul.
  4500 | D:4      | Found an ancient bone altar of Kikubaaqudgha.
  4571 | D:5      | Entered Level 5 of the Dungeon
  4571 | D:5      | Noticed Edmund
  4582 | D:5      | Killed Edmund
  4651 | D:5      | Reached XP level 8. HP: 54/72 MP: 12/12
  4680 | D:5      | Reached * piety under Elyvilon
  5035 | D:5      | Noticed a hill giant
  5152 | D:5      | Mangled by a hill giant

Vault maps used:
D:1:      dpeg_arrival_tiny_g
D:2:      minmay_door_path, marbit_many_paths, kennysheep_path_1, uniq_jessica
D:3:      good_gods_mini_temple
D:4:      nicolae_overflow_hidden_temple, overflow_temple_1_default, uniq_robin
D:5:      minmay_temple_entry_enclosed_plants, first_bread, uniq_edmund

Action                   |  1- 3 |  4- 6 |  7- 9 || total
-------------------------+-------+-------+-------++-------
Melee: Short sword       |   158 |   117 |       ||   275
       Rapier            |       |   104 |       ||   104
       Flail             |       |     6 |    79 ||    85
 Fire: Hand crossbow     |     3 |    47 |    20 ||    70
Throw: Stone             |       |    16 |     8 ||    24
Invok: Lesser Healing    |       |       |     3 ||     3
 Abil: Device Recharging |       |     1 |     1 ||     2
Evoke: Wand              |     1 |     5 |     6 ||    12
  Use: Scroll            |     4 |     3 |     3 ||    10
       Potion            |       |     1 |       ||     1
 Stab: Sleeping          |       |     1 |       ||     1
  Eat: Chunk             |     1 |     8 |     5 ||    14
       Fruit             |       |     1 |       ||     1
